 Dungeon Crawl Stone Soup version 0.21.1-1-g345015f (webtiles) character file.

6176 iamserjio the Fighter (level 10, 0/74 HPs)
             Began as an Octopode Monk on Apr 6, 2018.
             Was an Elder of Dithmenos.
             Slain by an orc warrior
             ... wielding a +0 trident
              (13 damage)
             ... on level 9 of the Dungeon.
             The game lasted 00:50:49 (10368 turns).

iamserjio the Fighter (Octopode Monk)              Turns: 10368, Time: 00:50:49

Health: 0/74       AC:  1    Str: 10    XL:     10   Next: 91%
Magic:  14/14      EV: 20    Int: 13    God:    Dithmenos [****..]
Gold:   519        SH:  6    Dex: 18    Spells: 9/9 levels left

rFire    . . .     SeeInvis .   h - +1 dagger (drain)
rCold    + + .     Gourm    .   C - +0 buckler
rNeg     . . .     Faith    .   (helmet restricted)
rPois    .         Spirit   .   (no amulet)
rElec    .         Reflect  .   (no ring)
rCorr    +         Harm     .   i - ring of protection from cold
MR       .....                  l - ring of protection from cold
Stlth    +++++++...             u - ring of resist corrosion
HPRegen  0.22/turn              (no ring)
MPRegen  0.14/turn              (no ring)
                                (no ring)
                                (no ring)

@: wreathed by umbra
A: almost no armour, stealthy swim, amphibious, 8 rings, constrict 8, camouflage
1, gelatinous body 1
a: Shadow Step, Renounce Religion


You were on level 9 of the Dungeon.
You worshipped Dithmenos.
Dithmenos was greatly pleased with you.
You were not hungry.

You visited 2 branches of the dungeon, and saw 11 of its levels.

You collected 519 gold pieces.

Inventory:

Hand Weapons
 e - a +0 hunting sling
 h - a +1 dagger of draining (weapon)
 j - a +0 dagger of electrocution
 n - a +1 scimitar of draining
 r - a +1 dagger of holy wrath
 B - a +2 war axe of electrocution
 S - a +4 shortbow of freezing
 T - a +2 vampiric whip
 U - a +2 hunting sling of velocity
Missiles
 I - 93 arrows
Armour
 g - a +0 shield
 C - a +0 buckler (worn)
Magical Staves
 Q - an uncursed staff of earth
Jewellery
 c - an uncursed ring of ice
 i - a ring of protection from cold (right tentacle)
 l - a ring of protection from cold (on tentacle)
 u - a ring of resist corrosion (on tentacle)
 D - an uncursed ring of ice
 J - an uncursed ring of wizardry {unknown}
Wands
 o - a wand of scattershot (6)
 s - a wand of polymorph (6)
 x - a wand of enslavement (2)
 F - a wand of iceblast (2)
Scrolls
 k - 2 scrolls of teleportation
 m - a scroll of random uselessness {unknown}
 p - 6 scrolls of immolation {unknown}
 q - 4 scrolls of remove curse
 w - a scroll of noise {unknown}
 y - 3 scrolls of enchant weapon
 z - a scroll of fear {unknown}
 A - 2 scrolls of amnesia {unknown}
 G - 2 scrolls of blinking {unknown}
 H - a scroll of torment {unknown}
 K - a scroll of magic mapping {unknown}
 L - 4 scrolls of enchant armour {unknown}
 P - a scroll of fog
 W - a scroll of identify
Potions
 d - 3 potions of heal wounds
 f - 2 potions of agility
 t - 2 potions of magic {unknown}
 v - 4 potions of curing
 E - a potion of berserk rage {unknown}
 M - a potion of degeneration {unknown}
 N - a potion of flight {unknown}
 O - a potion of haste {unknown}
 V - a potion of mutation {unknown}
Books
 R - a book of Maledictions

   Spells                             Type                      Level
   a - Corona                         Hexes                        1
   b - Ensorcelled Hibernation        Hexes/Ice                    2
   c - Confuse                        Hexes                        3
   d - Tukima's Dance                 Hexes                        3
   e - Dazzling Spray                 Conjuration/Hexes            3
Comestibles
 a - 14 chunks of flesh
 b - 21 rations


   Skills:
 + Level 9.2 Fighting
 - Level 3.1 Short Blades
 + Level 9.1 Dodging
 - Level 6.0 Stealth
 + Level 7.6 Shields
 + Level 6.6 Invocations


You had 9 spell levels left.
You didn't know any spells.

Dungeon Overview and Level Annotations

Branches:
Dungeon (10/15)            Temple (1/1) D:4
   Lair: D:8-11         Orc: D:9-12

Altars:
Cheibriados
Dithmenos
Fedhas
Kikubaaqudgha
Nemelex Xobeh
Okawaru
Qazlal
Sif Muna
Uskayaw
Wu Jian
Zin

Annotations:
D:10 Totori's ghost, journeyman TrMo


Innate Abilities, Weirdness & Mutations

You cannot wear most types of armour.
You are very stealthy in the water. (Stealth+)
You are amphibious.
You can wear up to eight rings at the same time.
You can use your tentacles to constrict eight enemies at once.
Your skin changes colour to match your surroundings (Stealth+).
Your rubbery body absorbs attacks. (AC +1, EV +1)


Message History

You closely miss the orc warrior. You grab the orc warrior.
The orc warrior is heavily wounded.
Your shadow hits the orc warrior but does no damage.
You constrict the orc warrior, but do no damage.
You hit the orc warrior but do no damage.
You squeeze the orc warrior.
The orc warrior is severely wounded.
You constrict the orc warrior, but do no damage.
You block the orc warrior's attack.
You hit the orc warrior. Your squeeze misses the orc warrior.
The orc warrior is almost dead.
Your shadow hits the orc warrior but does no damage.
You constrict the orc warrior, but do no damage.
The orc warrior closely misses you.
You hit the orc warrior but do no damage.
You drain the orc warrior!
The orc warrior is almost dead.
You constrict the orc warrior, but do no damage.
The orc warrior hits you with a trident!
You die...

.....#####
#.##.....# #.#
.....# #.##.)...#
#.# .#.###
#.##.....# #.# .#.#
#.##..(..# #[#
.#.#####
#.##.....###.#
.......#
#............#
##.#.#.#
####)#.#######
#...#.# #.#.#
##.##.# #.@.#
#.##.# #.#o###
#.##.# #.#....!#
#.##.## #.#.###.#
#.....#######.....#
####..........#.#.#
#.########.#..o #.#
#.###.# ### #.# ..


You could see an orc warrior.

Vanquished Creatures
  2 two-headed ogres
  Pikel (D:6)
  A spriggan (D:7)
  Sigmund (D:2)
  The ghost of darumender the Cudgeler, an amateur DsBe of Trog (D:3)
  Duvessa (D:6)
  2 orc warriors
  3 sky beasts
  A slave (D:7)
  An eye of draining (D:8)
  A black bear (D:7)
  2 phantoms
  5 centaurs
  6 ogres
  5 bullfrogs
  Dowan (D:6)
  4 scorpions
  2 centaur zombies
  4 crimson imps
  2 bullfrog zombies
  A quasit (D:7)
  2 jellies
  7 orc priests
  2 centaur skeletons
  A hound (D:8)
  7 orc wizards
  A bullfrog skeleton (D:8)
  An iguana (D:7)
  Terence (D:3)
  11 worker ants
  Ijyb (D:3)
  2 killer bee zombies (D:8)
  Robin (D:3)
  10 gnolls
  A howler monkey skeleton (D:5)
  14 adders
  A shadow imp (D:5)
  An ooze (D:6)
  An adder skeleton (D:6)
  An adder zombie (D:5)
  5 dart slugs
  6 leopard geckos
  32 orcs
  8 bats
  6 giant cockroaches
  13 goblins
  13 hobgoblins
  11 jackals
  5 quokkas
  3 ball pythons
  6 frilled lizards
  5 kobolds
  3 leopard gecko zombies (D:8)
  A quokka zombie (D:5)
  9 rats
  A butterfly (D:4)
240 creatures vanquished.

Vanquished Creatures (others)
  A butterfly (D:6)
1 creature vanquished.

Grand Total: 241 creatures vanquished

Notes
Turn   | Place    | Note
-------+----------+-------------------------------------------
     0 | D:1      | iamserjio the Octopode Monk began the quest for the Orb.
     0 | D:1      | Reached XP level 1. HP: 16/16 MP: 1/1
   135 | D:1      | Reached XP level 2. HP: 21/21 MP: 2/2
   523 | D:1      | Reached XP level 3. HP: 18/26 MP: 3/3
   970 | D:2      | Reached XP level 4. HP: 33/33 MP: 4/4
  1033 | D:2      | Noticed Terence
  1390 | D:3      | Reached XP level 5. HP: 28/37 MP: 5/5
  1667 | D:3      | Killed Terence
  1676 | D:2      | Noticed Sigmund
  1716 | D:3      | Noticed darumender's ghost (amateur DsBe)
  1853 | D:3      | Reached skill level 5 in Stealth
  2178 | D:2      | Found a deep blue altar of Sif Muna.
  2374 | D:2      | Killed Sigmund
  2374 | D:2      | Reached XP level 6. HP: 45/45 MP: 6/6
  2486 | D:3      | Reached skill level 5 in Fighting
  2722 | D:3      | Found a blossoming altar of Fedhas.
  2737 | D:3      | Reached XP level 7. HP: 45/50 MP: 7/7
  2743 | D:3      | Reached skill level 5 in Dodging
  2743 | D:3      | Reached skill level 1 in Shields
  3543 | D:3      | Noticed Ijyb
  3551 | D:3      | Killed Ijyb
  3716 | D:3      | Killed darumender's ghost
  3955 | D:3      | Noticed Robin
  3974 | D:3      | Killed Robin
  4185 | D:4      | Reached XP level 8. HP: 28/57 MP: 8/8
  4537 | D:4      | Found a staircase to the Ecumenical Temple.
  4547 | Temple   | Entered the Ecumenical Temple
  4556 | Temple   | Became a worshipper of Dithmenos the Shadowed
  4556 | Temple   | Reached * piety under Dithmenos
  4556 | Temple   | Reached ** piety under Dithmenos
  5526 | D:5      | Entered Level 5 of the Dungeon
  5963 | D:5      | Noticed a two-headed ogre
  6004 | D:5      | Killed a two-headed ogre
  6004 | D:5      | Reached skill level 5 in Shields
  6004 | D:5      | Reached XP level 9. HP: 30/64 MP: 8/11
  6945 | D:7      | Reached *** piety under Dithmenos
  7003 | D:7      | Noticed Pikel
  7243 | D:6      | Killed Pikel
  7464 | D:6      | Reached XP level 10. HP: 51/72 MP: 13/13
  7666 | D:7      | Reached skill level 5 in Invocations
  8674 | D:6      | Noticed Dowan
  8686 | D:6      | Noticed Duvessa
  8743 | D:6      | Killed Duvessa
  8800 | D:6      | Killed Dowan
  8801 | D:6      | Reached **** piety under Dithmenos
  9201 | D:8      | Found a stormy altar of Qazlal.
  9369 | D:8      | Noticed a two-headed ogre
  9386 | D:8      | Killed a two-headed ogre
  9836 | D:8      | Found an ornate altar of the Wu Jian Council.
  9838 | D:8      | Found a snail-covered altar of Cheibriados.
 10168 | D:10     | Entered Level 10 of the Dungeon
 10168 | D:10     | Noticed Totori's ghost (journeyman TrMo)
 10368 | D:9      | Slain by an orc warrior

Skill      XL: |  1  2  3  4  5  6  7  8  9 10 |
---------------+-------------------------------+-----
Stealth        | 3 4 5 6 |  6.0
Fighting       | 4 5 7 8 9 |  9.2
Dodging        | 4 5 7 8 9 |  9.1
Shields        | 2 5 6 7 |  7.6
Invocations    | 2 4 6 |  6.6
Short Blades   | |  3.1

Action                   |  1- 3 |  4- 6 |  7- 9 | 10-12 || total
-------------------------+-------+-------+-------+-------++-------
Melee: Short sword       |    63 |    44 |       |       ||   107
       Constrict         |    22 |    24 |    59 |    42 ||   147
       Tentacles         |     8 |    20 |    59 |    59 ||   146
       Dagger            |       |    49 |   120 |   161 ||   330
       Unarmed           |       |    10 |       |       ||    10
       Scimitar          |       |       |   159 |    47 ||   206
  Use: Scroll            |       |       |     4 |     3 ||     7
 Stab: Sleeping          |    10 |     8 |    16 |    13 ||    47
       Distracted        |       |     1 |     1 |     1 ||     3
  Eat: Chunk             |       |     6 |    12 |     9 ||    27
       Ration            |       |       |     1 |       ||     1
Armor: Skin              |    11 |     6 |     5 |     7 ||    29
Dodge: Dodged            |    39 |    56 |   158 |   114 ||   367
Block: Shield            |       |    11 |    94 |    62 ||   167
       Buckler           |       |       |       |    19 ||    19
       Rpst.: Scimitar   |       |       |    34 |     9 ||    43
